General information
			
			
        
        - name: BNet
 
        - type: Ladder 1vs1/FFA
 
        - host: Battle.net
 
        - saver: meskdna
 
        
map: TwistedMeadows 
        - players: 2
 
        - length: 09:06
 
        - speed: Fast
 - version: 1.22 W3XP
 - replay type:  Public
 
» download(37 KB)
Players
        team 1 (winner) 
              
              
meskdna (
blue | 269 APM | 2453 actions | 09:06)
              
 2 Death Knight 
 1 Death Coil
 1 Unholy Aura
 1 Lich 
 1 Frost Nova
 
                » actions 
                
                | Assign group hotkey | 155 |  | 
| Basic commands | 75 |  | 
| Build / train | 42 |  | 
| ESC pressed | 1 |  | 
| Enter build submenu | 13 |  | 
| Enter hero's abilities submenu | 3 |  | 
| Right click | 817 |  | 
| Select / deselect | 111 |  | 
| Select group hotkey | 1189 |  | 
| Use ability | 47 |  | 
                2453 total
 » units 
                
                | Acolyte | 5 |  | 
| Ghoul | 4 |  | 
| Crypt Fiend | 6 |  | 
| Obsidian Statue | 2 |  | 
                17 total
 » upgrades
                » buildings
                
                | Graveyard | 1 |  | 
| Crypt | 1 |  | 
| Altar of Darkness | 1 |  | 
| Ziggurat | 5 |  | 
| Tomb of Relics | 1 |  | 
| Nerubian Tower | 3 |  | 
| Halls of the Dead | 2 |  | 
| Slaughterhouse | 1 |  | 
                15 total
 » build order
                00:06 Graveyard
00:12 Crypt
00:43 Altar of Darkness
00:59 Ziggurat
01:35 Tomb of Relics
01:57 Nerubian Tower
01:57 Nerubian Tower
02:34 Ziggurat
03:30 Halls of the Dead
03:31 Halls of the Dead
04:52 Ziggurat
06:00 Slaughterhouse
06:07 Ziggurat
06:27 Ziggurat
» items
                
                | Rod of Necromancy | 4 |  | 
| Boots of Speed | 1 |  | 
| Dust of Appearance | 1 |  | 
                6 total
  
               team 2 (loser) 
              
              
H3lio (
purple | 75 APM | 682 actions | 09:05)
              
 1 Blademaster 
 1 Wind Walk
 
                » actions 
                
                | Assign group hotkey | 2 |  | 
| Build / train | 28 |  | 
| Enter build submenu | 27 |  | 
| Enter hero's abilities submenu | 1 |  | 
| Remove unit from queue | 2 |  | 
| Right click | 331 |  | 
| Select / deselect | 231 |  | 
| Select group hotkey | 28 |  | 
| Use ability | 32 |  | 
                682 total
 » units 
                » buildings
                
                | Altar of Storms | 1 |  | 
| Orc Burrow | 4 |  | 
| Barracks | 2 |  | 
| War Mill | 1 |  | 
| Watch Tower | 13 |  | 
| Voodoo Lounge | 1 |  | 
                22 total
 » build order
                00:04 Altar of Storms
00:17 Orc Burrow
00:38 Barracks
01:22 Orc Burrow
02:05 War Mill
03:58 Orc Burrow
05:11 Watch Tower
05:20 Watch Tower
05:21 Watch Tower
05:22 Watch Tower
05:31 Orc Burrow
05:35 Barracks
05:42 Watch Tower
06:06 Voodoo Lounge
06:12 Watch Tower
06:15 Watch Tower
06:17 Watch Tower
08:19 Watch Tower
08:20 Watch Tower
08:21 Watch Tower
08:22 Watch Tower
08:27 Watch Tower
» items
                 
                Chat log
          (00:09 / All) H3lio: HHIO
(00:28 / All) meskdna: hf
(09:02 / All) H3lio: lol